 Dungeon Crawl Stone Soup version 0.31-a0-1074-g0b22e4e0f1 (webtiles) character file.

Game seed: 17161905963490907834

606 monsoonserge the Conjurer (level 7, -3/56 HPs)
             Began as a Black Draconian Conjurer on Nov 27, 2023.
             Slain by Duvessa
             ... wielding a +0 short sword
              (6 damage)
             ... on level 4 of the Dungeon.
             The game lasted 00:12:42 (4005 turns).

monsoonserge the Conjurer (DrCj)                    Turns: 4005, Time: 00:12:42

Health: -3/56      AC:  8    Str: 10    XL:     7   Next: 19%
Magic:  1/11       EV: 12    Int: 20    God:
Gold:   180        SH:  0    Dex:  9    Spells: 7/11 levels left

rFire   . . .        v - +2 quarterstaff (chaos)
rCold   . . .        (shield currently unavailable)
rNeg    . . .        (body armour unavailable)
rPois   .            (helmet restricted)
rElec   +            w - +0 cloak
rCorr   +            y - +0 pair of gloves
SInv    .            (no boots)
Will    .....        (no amulet)
Stlth   ++           d - ring of resist corrosion
HPRegen 0.29/turn    (no ring)
MPRegen 0.12/turn

%: no passive effects
@: no status effects
A: breathe lightning, AC +6, unfitting armour, electricity resistance,
cold-blooded
a: Breathe Lightning


You were on level 4 of the Dungeon.
You visited 1 branch of the dungeon, and saw 4 of its levels.

You collected 180 gold pieces.

Inventory:

Hand Weapons
 k - a +1 short sword of protection
 v - a +2 quarterstaff of chaos (weapon)
Missiles
 h - a poisoned dart (quivered)
Armour
 w - a +0 cloak (worn)
 y - a +0 pair of gloves (worn)
Jewellery
 d - a ring of resist corrosion (left hand)
 j - a ring of fire
Wands
 q - a wand of flame (12)
Scrolls
 b - a scroll of noise {unknown}
 e - a scroll of enchant weapon {unknown}
 m - 2 scrolls of poison {unknown}
 o - 2 scrolls of vulnerability {unknown}
 p - 2 scrolls of amnesia {unknown}
 s - 2 scrolls of immolation {unknown}
 u - 2 scrolls of torment {unknown}
 x - 2 scrolls of identify {unknown}
 z - a scroll of fog {unknown}
Potions
 a - a potion of magic
 c - a potion of curing {unknown}
 f - 2 potions of ambrosia {unknown}
 g - a potion of invisibility {unknown}
 i - a potion of heal wounds {unknown}
 l - a potion of lignification {unknown}
 n - a potion of brilliance {unknown}
 r - 2 potions of mutation {unknown}
 t - 2 potions of haste {unknown}


   Skills:
 + Level 2.3 Fighting
 + Level 2.6 Short Blades
 + Level 1.2(1.6) Maces & Flails
 + Level 1.3(1.6) Staves
 + Level 1.0 Throwing
 + Level 3.0 Dodging
 - Level 2.0 Stealth
 + Level 2.8 Spellcasting
 + Level 6.2 Conjurations
 * Level 0.7 Air Magic


You had 7 spell levels left.
You knew the following spells:

 Your Spells              Type           Power      Damage    Failure   Level
a - Shock                 Conj/Air       64%        1d7       3%          1
b - Searing Ray           Conj           54%        2d6       1%          2
c - Magic Dart            Conj           100%       1d8       1%          1

Your spell library contained the following spells:

 Spells                   Type           Power      Damage    Failure   Level
 Dazzling Flash           Conj/Hex       30%        N/A       12%         3
 Swiftness                Air            5%         N/A       32%         3
 Fulminant Prism          Conj/Hex       7%         3d6       38%         4
 Iskenderun's Mystic Bla  Conj/Tloc      15%        2d5       38%         4
 Gell's Gravitas          Tloc           2%         N/A       41%         3
 Teleport Other           Tloc           2%         N/A       41%         3
 Airstrike                Air            2%         2d(1-17)  71%         4
 Dispersal                Tloc           1%         N/A       100%        6


Dungeon Overview and Level Annotations

Branches:
Dungeon (4/15)
 Temple: D:4-7

Altars:
Gozag

Shops:
D:4 (

Annotations:
D:4 Duvessa


Innate Abilities, Weirdness & Mutations

You can breathe wild blasts of lightning.
Your glossy black scales are hard. (AC +6)
You cannot fit into any form of body armour.
You are resistant to electric shocks. (rElec)
You are cold-blooded and may be slowed by cold attacks.


Message History

Duvessa misses you.
The searing ray hits Duvessa.
Duvessa is lightly wounded.
The searing ray hits Dowan.
Dowan is almost dead.
Duvessa hits you with a +0 short sword. x2
The searing ray hits Duvessa!
Duvessa is heavily wounded.
The searing ray hits Dowan.
Dowan is almost dead.
Duvessa hits you with a +0 short sword.
The searing ray hits Duvessa!
Duvessa is severely wounded.
The searing ray hits Dowan!
You kill Dowan!
Duvessa screams in rage.
Duvessa goes berserk!
You finish channelling your searing ray.
Duvessa hits you with a +0 short sword! x2
Your Dodging skill increases to level 3!
Casting: Searing Ray (safe; 1% risk of failure)
Confirm with . or Enter, or press ? or * to list all spells.
Aiming: Searing Ray (safe; 1% risk of failure)
Press: ? - help, Shift-Dir - straight line, f - Duvessa
Aim: Duvessa, wielding a +0 short sword and wearing a +0 scale mail (severely wounded, berserk, fast, 85% to hit)
The searing ray hits Duvessa.
Duvessa is severely wounded. (Press . to maintain the ray.) Duvessa closely misses you.
The searing ray hits Duvessa but does no damage.
Duvessa is severely wounded.
Duvessa hits you with a +0 short sword!
* * * LOW HITPOINT WARNING * * *
Duvessa hits you with a +0 short sword!
* * * LOW HITPOINT WARNING * * *
Unknown command.
The searing ray hits Duvessa.
Duvessa is severely wounded.
Duvessa hits you with a +0 short sword.
You die...

...# #...## ..... #.
.... #.# #..# #.# #..#
#.# #.#####..# #.#
#...)e@..##
####.#########...##
#........# ##.....## #
#.##..##.###.......#
#.##.##...#.##.........#
.............'.........+
#.##......#.##.........#
# #......#.###.......##
#.)......# ##.....##


You could see Duvessa (berserk, fast).

Vanquished Creatures
  Sigmund (D:4)
  Blork the orc (D:4)
  Dowan (D:4)
  2 hounds (D:3)
  Crazy Yiuf (D:2)
  3 orc wizards
  A gnoll (D:1)
  5 adders
  2 worms
  3 dart slugs
  6 orcs
  4 ball pythons
  9 endoplasms
  8 giant cockroaches
  8 goblins
  8 hobgoblins
  12 jackals
  2 quokkas (D:4)
  5 bats
  12 kobolds
  6 rats
100 creatures vanquished.

Notes
Turn   | Place    | Note
-------+----------+-------------------------------------------
     0 | D:1      | monsoonserge the Draconian Conjurer began the quest for the
                  | Orb.
     0 | D:1      | Reached XP level 1. HP: 14/14 MP: 3/3
   235 | D:1      | Reached XP level 2. HP: 20/20 MP: 1/5
   238 | D:1      | Learned a level 2 spell: Searing Ray
   738 | D:1      | Reached XP level 3. HP: 26/26 MP: 2/6
  1110 | D:2      | Reached skill level 5 in Conjurations
  1716 | D:2      | Found a runed translucent door.
  1717 | D:2      | Noticed Crazy Yiuf
  1761 | D:2      | Reached XP level 4. HP: 34/34 MP: 1/7
  1893 | D:2      | Reached skill level 1 in Maces & Flails
  2179 | D:2      | Killed Crazy Yiuf
  2289 | D:3      | Reached skill level 1 in Short Blades
  2462 | D:2      | Reached skill level 1 in Fighting
  2485 | D:2      | Reached XP level 5. HP: 38/40 MP: 2/8
  3067 | D:3      | Found an opulent altar of Gozag.
  3293 | D:3      | Reached XP level 6. HP: 36/47 MP: 2/9
  3791 | D:4      | Found Noynnuafu's Weapon Shoppe.
  3791 | D:4      | Noticed Sigmund
  3799 | D:4      | Killed Sigmund
  3800 | D:4      | Reached skill level 1 in Staves
  3800 | D:4      | Reached skill level 6 in Conjurations
  3870 | D:4      | Noticed Blork the orc
  3878 | D:4      | Killed Blork the orc
  3879 | D:4      | Reached skill level 1 in Throwing
  3879 | D:4      | Your scales start taking on a glossy black colour.
  3879 | D:4      | Reached XP level 7. HP: 51/55 MP: 2/11
  3879 | D:4      | Gained mutation: You are resistant to electric shocks.
                  | (rElec) [Black Draconian growth]
  3882 | D:4      | Learned a level 1 spell: Shock
  3996 | D:4      | Noticed Duvessa
  3996 | D:4      | Noticed Dowan
  4002 | D:4      | Killed Dowan
  4004 | D:4      | HP: 2/56 [Duvessa/+0 short sword (7)]
  4005 | D:4      | Slain by Duvessa

Illustrated notes

Levels and vault maps discovered:
D:1:      dpeg_arrival_rhombi, layout_basic
D:2:      layout_loops_ring, minmay_misc_feat_roman, minmay_worlds_worst_comb,
          uniq_crazy_yiuf_cottage
D:3:      layout_rooms, grunt_gozag_statues
D:4:      layout_loops_corners, serial_shops, shop, minmay_shop_damaged,
          supply_closet_lemuel, uniq_duvessa, uniq_blork_the_orc, uniq_sigmund,
          uniq_eustachio

Skill      XL: |  1  2  3  4  5  6  7 |
---------------+----------------------+-----
Conjurations   | 5 6 |  6.2
Stealth        | 2 |  2.0
Maces & Flails | 1 |  1.2
Dodging        | 2 3 |  3.0
Short Blades   | 1 2 |  2.6
Fighting       | 1 2 |  2.3
Staves         | 1 |  1.3
Throwing       | 1 |  1.0
Spellcasting   | |  2.8
Air Magic      | |  0.7

Action                     |  1- 3 |  4- 6 |  7- 9 || total
---------------------------+-------+-------+-------++-------
  Melee: Flail             |     7 |       |       ||     7
         Short sword       |    49 |       |       ||    49
         Tailslap          |     6 |     2 |       ||     8
         Quarterstaff      |       |    20 |     3 ||    23
  Throw: Dart              |     2 |     3 |       ||     5
   Cast: Magic Dart        |    23 |       |       ||    23
         Searing Ray       |    16 |    36 |     3 ||    55
         Shock             |       |       |     1 ||     1
   Stab: Sleeping          |     4 |     3 |       ||     7
 Armour: Skin              |    35 |    56 |     8 ||    99
  Dodge: Dodged            |    39 |    32 |     3 ||    74

Table legend: (Time is in decaauts)
 A = Elapsed time spent in this place.
 B = Non-inter-level travel time spent in this place.
 C = Inter-level travel time spent in this place.
 D = Time resting spent in this place.
 E = Time spent auto-exploring this place.
 F = Levels seen in this place.
 G = Mean time per level.
                   A        B        C        D        E       F      G
               +--------+--------+--------+--------+--------+-----+--------+
         Total |   4021 |   3829 |    192 |    337 |   2344 |   4 | 1005.2 |
       Dungeon |   4021 |   3829 |    192 |    337 |   2344 |   4 | 1005.2 |
               +--------+--------+--------+--------+--------+-----+--------+

Top non-repeatable levels by time:
     D:2: 1525 daAuts
     D:1: 1097 daAuts
     D:3: 779 daAuts
     D:4: 619 daAuts
